[Event "Titled Tuesday Blitz October 11 Early 2022"]
[White "Shaik Sumer Arsh"]
[Black "Wiegmann, Sascha"]
[WhiteFideId "45020000"]
[BlackFideId "4682041"]
[WhiteElo "2190"]
[BlackElo "2271"]
[Result "1-0"]
[Round "08"]
[TimeControl "180+1"]
[Date "2022.10.12"]
[WhiteClock "0:00:19"]
[BlackClock "0:00:17"]

1. d4 Nf6 2. Nf3 g6 3. Bg5 Bg7 4. Nbd2 d5 5. e3 O-O 6. Bd3 Bf5 7. O-O c6 8. Qe2 Nbd7 9. Rfe1 Re8 10. e4 dxe4 11. Nxe4 Nxe4 12. Bxe4 Bxe4 13. Qxe4 Nf6 14. Qh4 Qb6 15. b3 a5 16. Re2 a4 17. Rae1 Qb4 18. h3 Qd6 19. Ne5 axb3 20. axb3 Nd5 21. Nc4 Qb4 22. Bd2 Qb5 23. Nd6 Qxe2 24. Rxe2 exd6 25. Rxe8+ Rxe8 26. c4 Nf6 27. Bf4 d5 28. Be5 Ne4 29. Bxg7 Kxg7 30. Qf4 Re7 31. f3 Nf6 32. Qd6 Rd7 33. Qe5 dxc4 34. bxc4 h5 35. g4 hxg4 36. hxg4 Re7 37. Qxe7 1-0


[Site "https://www.chess.com"]

[Event "Titled Tuesday Blitz October 11 Early 2022"]
[White "Shandrygin, Nikita"]
[Black "Grot, Blazej"]
[WhiteFideId "24198668"]
[BlackFideId "21835845"]
[WhiteElo "2323"]
[BlackElo "1739"]
[Result "1-0"]
[Round "08"]
[TimeControl "180+1"]
[Date "2022.10.12"]
[WhiteClock "0:00:28"]
[BlackClock "0:00:39"]

1. e4 c5 2. Nf3 e6 3. d4 cxd4 4. Nxd4 Nc6 5. Nc3 Qc7 6. Be3 a6 7. Be2 Nf6 8. O-O Be7 9. f4 d6 10. Kh1 O-O 11. Qe1 Nxd4 12. Bxd4 b5 13. e5 dxe5 14. fxe5 Nd7 15. Ne4 Bb7 16. Nf6+ gxf6 17. Qg3+ Kh8 18. exf6 Qxg3 19. fxe7+ e5 20. exf8=Q+ Rxf8 21. hxg3 exd4 22. Bf3 Bxf3 23. Rxf3 Ne5 24. Rf5 f6 25. Rf4 d3 26. cxd3 Nxd3 27. Rd4 Nxb2 28. Re1 Nc4 29. Rd7 Ne5 30. Ra7 Rf7 31. Rxf7 Nxf7 32. Re6 a5 33. Rxf6 Kg7 34. Rb6 b4 35. Rb5 Nd6 36. Rxa5 Ne4 37. Ra4 Nc3 38. Rxb4 Nxa2 39. Rc4 Kf6 40. Kh2 Ke5 41. Kh3 Kd5 42. Rh4 Nc3 43. Rxh7 Ne4 44. Ra7 Ke6 45. Kg4 Nf2+ 46. Kf3 Nd3 47. Ra5 Ne5+ 48. Rxe5+ Kxe5 49. g4 Kf6 50. Kf4 Kg6 51. g5 Kg7 52. Kf5 Kf7 53. g6+ Kg7 54. Kg5 Kg8 55. Kf6 Kf8 56. g4 Kg8 57. g7 Kh7 58. Kf7 Kh6 59. g5+ Kh5 60. g8=Q Kg4 61. g6 Kf3 62. g7 Ke3 63. Qh8 Kd3 64. g8=Q Kc4 65. Qh4+ Kb5 66. Qgg5+ Kc6 67. Qc4+ Kd7 68. Qgd5# 1-0


[Site "https://www.chess.com"]

[Event "Titled Tuesday Blitz October 11 Early 2022"]
[White "Shapiro, Daniel"]
[Black "Aaditya Dhingra"]
[WhiteFideId "2001780"]
[BlackFideId "25678191"]
[WhiteElo "2234"]
[BlackElo "2054"]
[Result "0-1"]
[Round "08"]
[TimeControl "180+1"]
[Date "2022.10.12"]
[WhiteClock "0:00:05"]
[BlackClock "0:00:34"]

1. d4 d5 2. c4 e6 3. Nf3 Nf6 4. g3 Bb4+ 5. Bd2 Be7 6. Qc2 O-O 7. Bg2 c6 8. O-O Ne4 9. Bf4 g5 10. Be3 f5 11. Nc3 Nd7 12. Rad1 g4 13. Ne1 Bg5 14. Qc1 Bxe3 15. Qxe3 Nb6 16. c5 Nc4 17. Qc1 Na5 18. Nd3 Qf6 19. Ne5 Qg7 20. f3 gxf3 21. exf3 Ng5 22. Ne2 Nf7 23. Nd3 Bd7 24. b3 b6 25. Qd2 Kh8 26. Qf4 Rac8 27. Rfe1 Nb7 28. b4 Rfe8 29. Nec1 bxc5 30. bxc5 Na5 31. Ne5 Nxe5 32. Rxe5 Nc4 33. Re2 Rb8 34. g4 fxg4 35. fxg4 e5 36. dxe5 Bxg4 37. Rde1 Bxe2 38. Rxe2 Rb1 39. h3 Rf8 0-1


[Site "https://www.chess.com"]

[Event "Titled Tuesday Blitz October 11 Early 2022"]
[White "Shimanov, Aleksandr"]
[Black "Hambleton, Aman"]
[WhiteFideId "4198603"]
[BlackFideId "2606577"]
[WhiteElo "2605"]
[BlackElo "2538"]
[Result "0-1"]
[Round "08"]
[TimeControl "180+1"]
[Date "2022.10.11"]
[WhiteClock "0:00:10"]
[BlackClock "0:00:09"]

1. e4 c5 2. Nf3 e6 3. g3 Nc6 4. Bg2 Nf6 5. Qe2 d6 6. O-O Be7 7. c3 e5 8. Rd1 Qc7 9. h3 O-O 10. Na3 Re8 11. d4 exd4 12. cxd4 Bf8 13. dxc5 Nxe4 14. Bf4 Bf5 15. cxd6 Nxd6 16. Qd2 Rad8 17. Nd4 Nxd4 18. Qxd4 Qb6 19. Qxb6 axb6 20. Rac1 Be6 21. b3 h6 22. Nc2 Nb5 23. Ne3 Ba3 24. Rxd8 Rxd8 25. Rd1 Rxd1+ 26. Nxd1 Bc8 27. Be3 Bc5 28. Kf1 Bxe3 29. Nxe3 Nc3 30. a3 Kf8 31. Ke1 Nb5 32. Nc2 Ke7 33. Kd2 Kd6 34. a4 Nc7 35. Ne3 b5 36. a5 b4 37. Nc2 Kc5 38. Ke3 Be6 39. Nd4 Bd5 40. Bf1 Ne6 41. Nxe6+ Bxe6 42. Kd2 Kd4 43. Kc2 Bd5 44. Be2 Be4+ 45. Kb2 g5 46. h4 f6 47. Bf1 Kc5 48. Be2 Bd5 49. Kc2 Kd4 50. Kd2 gxh4 51. gxh4 Bxb3 52. Bf3 Bd5 53. Be2 Bc4 54. Bf3 Bd5 55. Bd1 Kc5 56. Kd3 Kb5 57. Kd4 Bf7 58. Ke4 Be6 59. Kd4 Kxa5 60. Kc5 b3 61. Kd6 b2 62. Bc2 Ba2 63. Ke7 b1=Q 64. Bxb1 Bxb1 65. Kxf6 b5 66. f4 b4 67. f5 b3 68. Kg6 Bxf5+ 69. Kxh6 b2 70. h5 Bg4 71. Kg7 Bxh5 72. Kh8 b1=Q 73. Kg7 Qb6 74. Kh7 Bf3 75. Kh8 Bh1 0-1


[Site "https://www.chess.com"]

[Event "Titled Tuesday Blitz October 11 Early 2022"]
[White "Shipov, Sergei"]
[Black "Vignesh, N R"]
[WhiteFideId "4113624"]
[BlackFideId "25012215"]
[WhiteElo "2787"]
[BlackElo "2386"]
[Result "1/2-1/2"]
[Round "08"]
[TimeControl "180+1"]
[Date "2022.10.11"]
[WhiteClock "0:00:32"]
[BlackClock "0:00:19"]

1. d4 Nf6 2. c4 e6 3. Nc3 Bb4 4. Qc2 O-O 5. a3 Bxc3+ 6. Qxc3 b6 7. Bg5 Bb7 8. e3 d6 9. Ne2 Nbd7 10. Qc2 h6 11. Bh4 c5 12. Rd1 Qe7 13. Nc3 cxd4 14. Rxd4 Rfd8 15. f3 Rac8 16. Be2 g5 17. Bg3 d5 18. O-O e5 19. Rd2 dxc4 20. Qf5 Qe6 21. Qxe6 fxe6 22. e4 Nc5 23. Rxd8+ Rxd8 24. Bxe5 Nfd7 25. Bc7 Rc8 26. Bg3 Ba6 27. Rd1 Nd3 28. Bf2 N7e5 29. Rd2 Kf7 30. g3 Ke7 31. Be3 Rf8 32. Kg2 Nxf3 33. Bxf3 Ne1+ 34. Kh3 Nxf3 35. Rd1 Ne5 36. a4 Nd3 37. a5 b5 38. Bxa7 b4 39. Na4 e5 40. Bc5+ Nxc5 41. Nxc5 Bc8+ 42. Kg2 Bg4 43. Rc1 Bf3+ 44. Kg1 Be2 45. Rc2 Bd3 46. Nxd3 cxd3 47. Rd2 Ra8 48. Rxd3 Rxa5 49. Kf2 Ra1 50. Rb3 Ra4 51. Ke3 Kd6 52. Rd3+ Ke6 53. Kd2 Ra1 54. Re3 Rh1 55. Re2 Kd6 56. Kc2 Kc5 57. Kb3 g4 58. Rd2 Kc6 59. Kxb4 Re1 60. Rc2+ Kb6 61. Rc4 Re2 62. b3 Rxh2 63. Rc5 Rh3 64. Rxe5 h5 65. Rg5 Rxg3 66. Rxh5 Re3 67. Rh6+ Kc7 68. Re6 Kd7 69. Re5 Kd6 70. Re8 Kd7 71. Rg8 Rxe4+ 72. Kc5 Re5+ 73. Kd4 Re1 74. Rxg4 Kc6 75. Rg5 Re6 76. Kc4 Rh6 77. Ra5 Rh4+ 78. Kc3 Kb6 79. Rd5 Rh3+ 80. Kc4 Rh4+ 81. Rd4 Rxd4+ 82. Kxd4 Kb5 83. b4 Kxb4 1/2-1/2


[Site "https://www.chess.com"]

[Event "Titled Tuesday Blitz October 11 Early 2022"]
[White "Shuvalova, Polina"]
[Black "Donchenko, Alexander"]
[WhiteFideId "24171760"]
[BlackFideId "24603295"]
[WhiteElo "2392"]
[BlackElo "2572"]
[Result "0-1"]
[Round "08"]
[TimeControl "180+1"]
[Date "2022.10.11"]
[WhiteClock "0:00:03"]
[BlackClock "0:01:20"]

1. d4 d5 2. Nf3 Nf6 3. Bf4 c5 4. e3 e6 5. Nbd2 Bd6 6. dxc5 Bxc5 7. Be2 Nc6 8. c4 d4 9. exd4 Nxd4 10. O-O Nxe2+ 11. Qxe2 O-O 12. Rad1 Be7 13. Ne5 Qa5 14. a3 Bd7 15. b4 Qa6 16. Nxd7 Nxd7 17. Ne4 Nf6 18. Bd6 Nxe4 19. Bxe7 Nc3 20. Qg4 Nxd1 21. Bf6 g6 22. Rxd1 e5 23. Qg5 Qe6 24. c5 Rac8 25. h3 Rc6 26. Rd6 Rxd6 27. cxd6 Qxd6 28. Bxe5 Qe6 29. Bd4 Rc8 30. Qf4 a6 31. Kh2 f6 32. Bc5 Qe5 33. Qxe5 fxe5 34. Kg3 Kf7 35. Kf3 Ke6 36. Ke4 Rd8 37. Ke3 Rd1 38. a4 Kd5 39. a5 Rb1 40. h4 Rb3+ 41. Ke2 Rc3 42. Bf8 h5 43. Kd2 Rc4 44. g3 Rc7 45. Ke3 Rc3+ 46. Ke2 Rb3 47. Kd2 Ke4 48. Bc5 Kf3 49. Kc2 Ra3 50. Kb2 Rd3 51. Kc2 e4 52. Kb2 Rd2+ 53. Kc3 Rxf2 0-1


[Site "https://www.chess.com"]

[Event "Titled Tuesday Blitz October 11 Early 2022"]
[White "Silva, Pedro Gil Ferreira Da"]
[Black "Agasarov, Benik"]
[WhiteFideId "1946102"]
[BlackFideId "13314823"]
[WhiteElo "2170"]
[BlackElo "2152"]
[Result "1-0"]
[Round "08"]
[TimeControl "180+1"]
[Date "2022.10.12"]
[WhiteClock "0:02:04"]
[BlackClock "0:01:16"]

1. Nf3 Nf6 2. c4 g6 3. g3 Bg7 4. Bg2 O-O 5. O-O c6 6. d4 d5 7. b3 dxc4 8. bxc4 c5 9. Bb2 cxd4 10. Nxd4 Qb6 11. Nb3 Rd8 12. Qc1 Nc6 13. Nc3 Be6 14. Na4 Qb4 15. Nac5 Bxc4 16. Ba3 Qb5 17. Nxb7 Rac8 18. Nxd8 Nxd8 19. Rd1 Nd5 20. Bxd5 Bxa1 21. Bxc4 1-0


[Site "https://www.chess.com"]

[Event "Titled Tuesday Blitz October 11 Early 2022"]
[White "Siva Mahadevan"]
[Black "Sadubayev, Airat"]
[WhiteFideId "25043153"]
[BlackFideId "13713264"]
[WhiteElo "2249"]
[BlackElo "2215"]
[Result "1-0"]
[Round "08"]
[TimeControl "180+1"]
[Date "2022.10.11"]
[WhiteClock "0:00:08"]
[BlackClock "0:00:05"]

1. e4 c6 2. d4 d5 3. e5 Bf5 4. c4 e6 5. Nc3 Ne7 6. Nge2 Nd7 7. Ng3 Bg6 8. cxd5 Nxd5 9. Be2 Be7 10. O-O O-O 11. f4 Nxc3 12. bxc3 c5 13. f5 exf5 14. Nxf5 cxd4 15. cxd4 Nb6 16. a4 Re8 17. a5 Nd5 18. Qb3 Rc8 19. Bd2 Bf8 20. Bc4 Nc7 21. Bc3 Ne6 22. d5 Nc5 23. Qc2 Qg5 24. Rae1 Kh8 25. d6 Nd7 26. Qd3 Rc5 27. Bd2 Qd8 28. e6 fxe6 29. Rxe6 Ne5 30. Qe3 Nxc4 31. Rxe8 Qxe8 32. Qxc5 Nxd2 33. Rd1 Ne4 34. Qd5 Bxf5 35. Qxf5 Nxd6 36. Qd5 Nf7 37. Qxb7 Bc5+ 38. Kh1 Kg8 39. Qd5 Qe7 40. Qa8+ Qf8 41. Qd5 h6 42. Rf1 Be7 43. a6 Bf6 44. Qb7 Qe7 45. h3 Ng5 46. Rd1 Ne4 47. Qxe7 Bxe7 48. Rd7 Bc5 49. g4 Nf6 50. Rb7 Kf8 51. Kg2 Ne4 52. Kf3 Nd6 53. Rc7 Bb6 54. Rc6 Nb5 55. Ke4 Nc7 56. Kf5 Nxa6 57. Kg6 Nc7 58. h4 Ne8 59. Rc8 Bd4 60. Rd8 Bf6 61. Rd7 Bxh4 62. Rf7+ Kg8 63. Rxa7 Bf6 64. Rb7 Kf8 65. Rf7+ Kg8 66. Rb7 Nd6 67. Rb8+ 1-0


[Site "https://www.chess.com"]

[Event "Titled Tuesday Blitz October 11 Early 2022"]
[White "Skibbe, Willi"]
[Black "Yaniuk, Volodymyr"]
[WhiteFideId "4682190"]
[BlackFideId "14133083"]
[WhiteElo "2330"]
[BlackElo "2141"]
[Result "1-0"]
[Round "08"]
[TimeControl "180+1"]
[Date "2022.10.12"]
[WhiteClock "0:01:30"]
[BlackClock "0:00:03"]

1. Nf3 d5 2. d4 Nf6 3. c4 e6 4. g3 dxc4 5. Bg2 Bd7 6. Ne5 Bc6 7. Nxc6 Nxc6 8. e3 Qd7 9. O-O Nd5 10. Qc2 O-O-O 11. Qxc4 h5 12. Nc3 h4 13. Bd2 hxg3 14. hxg3 f5 15. Rfc1 g5 16. Nxd5 exd5 17. Qc2 f4 18. exf4 Nxd4 19. Qd3 Bg7 20. fxg5 Qg4 21. Bf4 c6 22. Re1 Rde8 23. Kf1 Ne6 24. Qf3 Qf5 25. Be5 Qxf3 26. Bxf3 Nxg5 27. Bxg7 Rxe1+ 28. Rxe1 Nxf3 29. Bxh8 1-0


[Site "https://www.chess.com"]

[Event "Titled Tuesday Blitz October 11 Early 2022"]
[White "Smietanska, Wiktoria"]
[Black "Carbone, Diego"]
[WhiteFideId "21869359"]
[BlackFideId "3002179"]
[WhiteElo "1854"]
[BlackElo "2243"]
[Result "0-1"]
[Round "08"]
[TimeControl "180+1"]
[Date "2022.10.12"]
[WhiteClock "0:00:02"]
[BlackClock "0:00:09"]

1. c4 c5 2. Nf3 g6 3. Nc3 Bg7 4. e3 Nf6 5. d4 cxd4 6. exd4 d5 7. cxd5 Nxd5 8. Bc4 Nb6 9. Bb3 O-O 10. O-O Nc6 11. Be3 Bg4 12. d5 Ne5 13. h3 Nxf3+ 14. gxf3 Bxh3 15. Re1 Rc8 16. Qe2 Qd7 17. Rad1 Rfe8 18. Bxb6 Bxc3 19. bxc3 axb6 20. c4 Qf5 21. Qe3 Qh5 22. f4 Bf5 23. Qg3 Rcd8 24. Re5 e6 25. Rde1 Kg7 26. Bd1 Qh3 27. Bf3 Ra8 28. R5e2 Ra3 29. Qxh3 Bxh3 30. Bg2 Bf5 31. Rd2 Rd8 32. Rc1 Kf6 33. Kf1 h5 34. Ke2 h4 35. Rh1 h3 36. Bf3 exd5 37. cxd5 Re8+ 38. Kf1 Rxf3 0-1


[Site "https://www.chess.com"]

[Event "Titled Tuesday Blitz October 11 Early 2022"]
[White "Sonnenschein, Philipp"]
[Black "Lakshmi C"]
[WhiteFideId "16250877"]
[BlackFideId "25035347"]
[WhiteElo "2225"]
[BlackElo "1865"]
[Result "0-1"]
[Round "08"]
[TimeControl "180+1"]
[Date "2022.10.12"]
[WhiteClock "0:00:17"]
[BlackClock "0:00:11"]

1. d4 Nf6 2. c4 e6 3. Nf3 b6 4. g3 Bb7 5. Bg2 Be7 6. O-O O-O 7. Re1 Ne4 8. Nfd2 f5 9. Nxe4 Bxe4 10. f3 Bb7 11. e4 d5 12. cxd5 exd5 13. exf5 Rxf5 14. Qe2 Bd6 15. Qe6+ Rf7 16. Nc3 c6 17. h4 Bxg3 18. Bg5 Qd7 19. Qe8+ Rf8 20. Qxd7 Nxd7 21. Re7 Bc8 22. Bh3 Nf6 23. Kg2 Bd6 24. Re2 Bxh3+ 25. Kxh3 Nh5 26. Kg4 Nf4 27. Bxf4 Rxf4+ 28. Kh3 Rxf3+ 29. Kg2 Rg3+ 30. Kh1 Rh3+ 31. Kg1 Rxh4 32. Rd1 Rg4+ 33. Kh1 Rf8 34. Rde1 Rf6 35. Rg2 Rh6+ 36. Kg1 Bh2+ 37. Kf1 Rf6+ 38. Rf2 Rxf2+ 39. Kxf2 Bg3+ 40. Kf3 Bxe1 41. Kxg4 Bxc3 42. bxc3 Kf7 43. Kf5 h5 44. Ke5 Ke7 45. Kf5 g6+ 46. Kg5 Kd6 0-1


[Site "https://www.chess.com"]

[Event "Titled Tuesday Blitz October 11 Early 2022"]
[White "Soto Vega, Jorge"]
[Black "Predke, Alexandr"]
[WhiteFideId "3800580"]
[BlackFideId "24107581"]
[WhiteElo "2263"]
[BlackElo "2614"]
[Result "0-1"]
[Round "08"]
[TimeControl "180+1"]
[Date "2022.10.12"]
[WhiteClock "0:00:11"]
[BlackClock "0:00:38"]

1. e4 c5 2. Nf3 e6 3. c4 Nc6 4. Nc3 Nd4 5. d3 Nxf3+ 6. Qxf3 Ne7 7. Qg3 Nc6 8. Be2 a6 9. O-O d6 10. f4 Be7 11. Qxg7 Bf6 12. Qg3 Qe7 13. f5 Bd7 14. fxe6 Bxe6 15. Nd5 Bxd5 16. cxd5 Nd4 17. Bd1 Be5 18. Bf4 O-O-O 19. Bxe5 dxe5 20. Bh5 f6 21. Kh1 Kb8 22. Qf2 Rdf8 23. Qh4 Rhg8 24. Rf2 Rg5 25. Raf1 Qg7 26. Bd1 Ka7 27. a3 f5 28. exf5 Rfxf5 29. Qe4 Rf4 30. Rxf4 exf4 31. b4 Re5 32. Qxf4 Rf5 33. Qxf5 Nxf5 34. Rxf5 Qa1 35. Rf1 Qxa3 36. bxc5 Qxd3 37. Kg1 Qd4+ 0-1


[Site "https://www.chess.com"]

[Event "Titled Tuesday Blitz October 11 Early 2022"]
[White "Sovetbekova, Nurai"]
[Black "Haukenfrers, Dale"]
[WhiteFideId "13801910"]
[BlackFideId "2603780"]
[WhiteElo "1925"]
[BlackElo "1975"]
[Result "1-0"]
[Round "08"]
[TimeControl "180+1"]
[Date "2022.10.12"]
[WhiteClock "0:00:15"]
[BlackClock "0:00:13"]

1. d4 c6 2. c4 d6 3. Nf3 g6 4. g3 Bg7 5. Bg2 f5 6. O-O Nf6 7. Nc3 O-O 8. d5 e5 9. dxe6 Bxe6 10. Qd3 Na6 11. Nd4 Bf7 12. b3 Nc5 13. Qc2 Re8 14. e3 Qe7 15. Bb2 Rac8 16. Rad1 h6 17. Qd2 Kh7 18. Nde2 Rcd8 19. b4 Nce4 20. Nxe4 Nxe4 21. Qc2 Bxb2 22. Qxb2 Bxc4 23. Rd4 Bxe2 24. Qxe2 d5 25. Qc2 h5 26. h4 a6 27. Rfd1 Nf6 28. a4 Ng4 29. b5 axb5 30. axb5 Rc8 31. Qb3 Rcd8 32. bxc6 bxc6 33. Rb4 Rd7 34. Rb6 Rc8 35. Qc3 Qe6 36. Qc5 Qe5 37. Rxc6 Rxc6 38. Qxc6 Rd6 39. Qc7+ Kh6 40. Rb1 Re6 41. Qf7 Re7 42. Qf8+ Kh7 43. Rb8 Qe6 44. Qh8# 1-0


[Site "https://www.chess.com"]

[Event "Titled Tuesday Blitz October 11 Early 2022"]
[White "Srihari L R"]
[Black "Kovalenko, Igor"]
[WhiteFideId "46617116"]
[BlackFideId "14117908"]
[WhiteElo "2336"]
[BlackElo "2574"]
[Result "0-1"]
[Round "08"]
[TimeControl "180+1"]
[Date "2022.10.11"]
[WhiteClock "0:00:11"]
[BlackClock "0:02:04"]

1. Nf3 d5 2. d4 Nf6 3. c4 e6 4. Nc3 c6 5. e3 Nbd7 6. Qc2 Bd6 7. b3 O-O 8. Be2 Re8 9. O-O b6 10. Bb2 Bb7 11. Rfe1 Qe7 12. h3 Rad8 13. Rad1 e5 14. dxe5 Nxe5 15. Nd4 g6 16. cxd5 cxd5 17. Bb5 Rf8 18. Qe2 Rc8 19. Rc1 h5 20. Rc2 Bb8 21. Rec1 Qd6 22. f4 Ned7 23. Ba6 Bxa6 24. Qxa6 Qe7 25. Nxd5 Nxd5 26. Rxc8 Qxe3+ 27. Kh1 Nxf4 28. Rxf8+ Nxf8 29. Nc2 Qg3 30. Qf1 Ne2 0-1


[Site "https://www.chess.com"]

[Event "Titled Tuesday Blitz October 11 Early 2022"]
[White "Subelj, Jan"]
[Black "Villamayor, Buenaventura"]
[WhiteFideId "14618583"]
[BlackFideId "5200393"]
[WhiteElo "2394"]
[BlackElo "2301"]
[Result "1-0"]
[Round "08"]
[TimeControl "180+1"]
[Date "2022.10.12"]
[WhiteClock "0:01:05"]
[BlackClock "0:00:55"]

1. Nf3 Nf6 2. d4 e6 3. Bf4 c5 4. e3 Nc6 5. c3 d5 6. Nbd2 Bd6 7. Bg3 O-O 8. Bd3 b6 9. Ne5 Ne7 10. f4 Bb7 11. Bf2 Ne4 12. Qf3 f6 13. Ng4 h5 14. Nh6+ gxh6 15. Qxh5 Nf5 16. g4 Ng7 17. Qxh6 Qe7 18. h4 Ne8 19. Nxe4 dxe4 20. Bc4 Bd5 21. Bxd5 exd5 22. O-O-O Qg7 23. Qh5 cxd4 24. Qxd5+ Qf7 25. Qxa8 dxc3 26. Qd5 cxb2+ 27. Kxb2 Bb4 28. Qxf7+ Rxf7 29. Rd8 Kf8 30. h5 Rc7 31. h6 Ke7 32. Rxe8+ Kxe8 33. h7 1-0


[Site "https://www.chess.com"]

[Event "Titled Tuesday Blitz October 11 Early 2022"]
[White "Tarasova, Viktoriya"]
[Black "Dushyant Sharma"]
[WhiteFideId "4175840"]
[BlackFideId "25065130"]
[WhiteElo "2182"]
[BlackElo "2270"]
[Result "1-0"]
[Round "08"]
[TimeControl "180+1"]
[Date "2022.10.12"]
[WhiteClock "0:00:20"]
[BlackClock "0:00:04"]

1. d4 d5 2. c4 e6 3. Nc3 c6 4. Nf3 f5 5. e3 Nf6 6. Bd3 Bd6 7. O-O O-O 8. b3 Nbd7 9. Bb2 b6 10. Ne2 Bb7 11. Ne5 Ne4 12. f3 Nef6 13. Qc2 Rc8 14. Nf4 Qe7 15. cxd5 Nxd5 16. Nxd5 exd5 17. f4 g6 18. Qe2 c5 19. Rac1 Nf6 20. Rc2 Bxe5 21. fxe5 Ne4 22. Bxe4 fxe4 23. Rxf8+ Rxf8 24. Ba3 Qg5 25. dxc5 Ba6 26. h4 Bxe2 27. hxg5 Rf1+ 28. Kh2 Bd3 29. c6 Bxc2 30. c7 Bd3 31. c8=Q+ Kg7 32. e6 d4 33. Bb2 h6 34. Bxd4+ Rf6 1-0


[Site "https://www.chess.com"]

[Event "Titled Tuesday Blitz October 11 Early 2022"]
[White "Terry, Renato"]
[Black "Rustemov, Alexander"]
[WhiteFideId "3803457"]
[BlackFideId "4119002"]
[WhiteElo "2577"]
[BlackElo "2843"]
[Result "1/2-1/2"]
[Round "08"]
[TimeControl "180+1"]
[Date "2022.10.11"]
[WhiteClock "0:02:27"]
[BlackClock "0:02:48"]

1. e4 e6 2. d4 d5 3. exd5 exd5 4. Nf3 Bf5 5. Bd3 Bxd3 6. Qxd3 Nc6 7. O-O Bd6 8. c3 Nge7 9. Re1 Qd7 10. Nbd2 O-O 11. Nf1 Rfe8 1/2-1/2


[Site "https://www.chess.com"]

[Event "Titled Tuesday Blitz October 11 Early 2022"]
[White "Tiarks, Jann-Christian"]
[Black "Pimpalkhare, Vedant"]
[WhiteFideId "12951595"]
[BlackFideId "25048236"]
[WhiteElo "2194"]
[BlackElo "2182"]
[Result "1-0"]
[Round "08"]
[TimeControl "180+1"]
[Date "2022.10.12"]
[WhiteClock "0:00:41"]
[BlackClock "0:00:27"]

1. e4 e6 2. d4 d5 3. Nc3 Nf6 4. Bg5 dxe4 5. Nxe4 Be7 6. Bxf6 gxf6 7. Nf3 f5 8. Ned2 a6 9. c3 b5 10. Ne5 Bb7 11. Qh5 O-O 12. Ndf3 f6 13. Nd3 Nd7 14. Be2 Qe8 15. Qh3 Bd6 16. O-O e5 17. Nh4 e4 18. Nc5 Nxc5 19. dxc5 Bxc5 20. Nxf5 Kh8 21. Bh5 Qe6 22. Rfe1 Rg8 23. Bg4 Bc8 24. Kh1 Rxg4 25. Qxg4 Qxf5 26. Qxe4 Qxe4 27. Rxe4 Bb7 28. Rg4 Rg8 29. Rxg8+ Kxg8 30. f3 Kf7 31. Re1 Bd5 32. b3 a5 33. Rd1 c6 34. h3 Ke6 35. Kh2 Bd6+ 36. Kg1 Be5 37. Rc1 c5 38. Kf2 a4 39. c4 bxc4 40. bxc4 Bd4+ 41. Ke2 Bc6 42. Kd3 Be8 43. Re1+ Kd6 44. Rxe8 1-0


[Site "https://www.chess.com"]

[Event "Titled Tuesday Blitz October 11 Early 2022"]
[White "Timofeev, Artyom"]
[Black "Lewtak, Damian"]
[WhiteFideId "4140419"]
[BlackFideId "1141724"]
[WhiteElo "2579"]
[BlackElo "2329"]
[Result "1-0"]
[Round "08"]
[TimeControl "180+1"]
[Date "2022.10.11"]
[WhiteClock "0:00:43"]
[BlackClock "0:00:39"]

1. e4 g6 2. d4 Bg7 3. Nc3 a6 4. Bg5 b5 5. Qd2 Bb7 6. f3 d6 7. O-O-O Nd7 8. Kb1 Nb6 9. a3 Qd7 10. h4 h6 11. Be3 Nc4 12. Bxc4 bxc4 13. d5 c6 14. Bd4 Nf6 15. Nge2 Rb8 16. g4 cxd5 17. exd5 Kf8 18. h5 g5 19. Ng3 e6 20. dxe6 fxe6 21. Rhf1 Nd5 22. Nxd5 Bxd5 23. f4 gxf4 24. Rxf4+ Kg8 25. Bc3 Kh7 26. Rdf1 Rb7 27. Rf7 Qxf7 28. Rxf7 Rxf7 29. Ne2 Rg8 30. Nd4 Bxd4 31. Qxd4 Rf3 32. Qa7+ 1-0


[Site "https://www.chess.com"]

[Event "Titled Tuesday Blitz October 11 Early 2022"]
[White "Toshali, V"]
[Black "Kiseljova, Marya"]
[WhiteFideId "5072611"]
[BlackFideId "4155009"]
[WhiteElo "1973"]
[BlackElo "1931"]
[Result "1-0"]
[Round "08"]
[TimeControl "180+1"]
[Date "2022.10.12"]
[WhiteClock "0:00:22"]
[BlackClock "0:00:01"]

1. d4 d5 2. Nf3 Nf6 3. Bf4 e6 4. e3 c5 5. Nbd2 Nc6 6. c3 Nh5 7. Be5 f6 8. Bg3 Nxg3 9. hxg3 g6 10. Be2 Bg7 11. dxc5 a5 12. e4 Ne7 13. Bb5+ Bd7 14. Qa4 h5 15. Nh4 g5 16. Nhf3 Bxb5 17. Qxb5+ Qd7 18. Qe2 Rc8 19. Nb3 a4 20. Nbd4 e5 21. Nc2 dxe4 22. Qxe4 Rxc5 23. Rd1 Qc6 24. Qe2 Kf7 25. Nd2 h4 26. gxh4 Rxh4 27. Rxh4 gxh4 28. Qg4 Qe6 29. Qxh4 Qxa2 30. Qb4 Rc7 31. c4 Nc6 32. Qb5 Nd4 33. Nxd4 exd4 34. Qd5+ Kf8 35. Qxd4 Re7+ 36. Kf1 a3 37. bxa3 Qxa3 38. Nf3 Qb3 39. Kg1 Qc2 40. c5 1-0


[Site "https://www.chess.com"]

[Event "Titled Tuesday Blitz October 11 Early 2022"]
[White "Troltenier, Dirk"]
[Black "Jovic, Stanoje"]
[WhiteFideId "4606400"]
[BlackFideId "905020"]
[WhiteElo "2287"]
[BlackElo "2238"]
[Result "1-0"]
[Round "08"]
[TimeControl "180+1"]
[Date "2022.10.12"]
[WhiteClock "0:00:13"]
[BlackClock "0:00:15"]

1. e4 c6 2. d4 d5 3. exd5 cxd5 4. c4 Nf6 5. Nc3 Nc6 6. Nf3 Bg4 7. cxd5 Nxd5 8. Qb3 Bxf3 9. gxf3 Nb6 10. Be3 e6 11. O-O-O Be7 12. Rg1 O-O 13. Kb1 Nd5 14. Nxd5 exd5 15. Bd3 Rc8 16. Rc1 Qd6 17. h4 Na5 18. Qa4 b6 19. h5 h6 20. Bf5 Rc4 21. Rxc4 Nxc4 22. Qd7 Rd8 23. Qxd6 Rxd6 24. Bd3 Rf6 25. Bxc4 dxc4 26. a4 Rxf3 27. Bxh6 Rxf2 28. Bxg7 Kh7 29. Be5 f6 30. Bg3 Rf5 31. Re1 Bb4 32. Rc1 Rxh5 33. Rxc4 a5 34. Rc7+ Kg6 35. Rb7 Rh3 36. Bc7 Rh1+ 37. Ka2 f5 38. Rxb6+ Kg5 39. d5 Rd1 40. d6 f4 41. Rb8 f3 42. Rg8+ Kh4 43. Rf8 Kg4 44. b3 Rd2+ 45. Kb1 f2 46. Kc1 Re2 47. d7 Bxf8 48. d8=Q Be7 49. Qg8+ Kf5 50. Qf7+ Bf6 51. Qd5+ Be5 52. Qf3+ Ke6 53. Qxe2 f1=Q+ 54. Qxf1 Bxc7 55. Kc2 Bd6 56. Qe2+ Kd5 57. Kd3 Bb4 58. Qe4+ Kd6 59. Kc4 Kd7 60. Kd5 1-0


[Site "https://www.chess.com"]

[Event "Titled Tuesday Blitz October 11 Early 2022"]
[White "Turutin, Alexander"]
[Black "Sowul, Bartosz"]
[WhiteFideId "4180623"]
[BlackFideId "1137590"]
[WhiteElo "2402"]
[BlackElo "2188"]
[Result "0-1"]
[Round "08"]
[TimeControl "180+1"]
[Date "2022.10.12"]
[WhiteClock "0:00:08"]
[BlackClock "0:00:04"]

1. e4 c5 2. Nf3 d6 3. Bb5+ Nd7 4. O-O a6 5. Bxd7+ Bxd7 6. d4 cxd4 7. Qxd4 Nf6 8. Rd1 Bc6 9. Nc3 g6 10. Bg5 Bg7 11. Qe3 O-O 12. h3 Qa5 13. Nd4 Rfe8 14. Nxc6 bxc6 15. Bh6 Bh8 16. Rab1 Nd7 17. b4 Qb6 18. Na4 Qxe3 19. Bxe3 Reb8 20. c4 f5 21. c5 Ne5 22. exf5 gxf5 23. cxd6 exd6 24. Nb6 Ra7 25. Rxd6 Rab7 26. Rbd1 Rxb6 27. Rd8+ Kg7 28. Bxb6 Rxb6 29. f4 Nf7 30. Rc8 Kg6 31. Rd7 Bf6 32. Rcc7 Nd8 33. a3 Ne6 34. Ra7 Nxf4 35. Kf1 Nd5 36. Rdb7 Rxb7 37. Rxb7 Ne3+ 38. Kf2 Nc2 39. a4 Na3 40. Rb6 Bd4+ 41. Kf3 Bxb6 0-1


[Site "https://www.chess.com"]

[Event "Titled Tuesday Blitz October 11 Early 2022"]
[White "Urbina Perez, Juan Antonio"]
[Black "Ciuffoletti, Paolo"]
[WhiteFideId "2217368"]
[BlackFideId "807630"]
[WhiteElo "2197"]
[BlackElo "2143"]
[Result "1-0"]
[Round "08"]
[TimeControl "180+1"]
[Date "2022.10.12"]
[WhiteClock "0:01:56"]
[BlackClock "0:00:31"]

1. Nf3 d5 2. e3 c5 3. b3 Nf6 4. Bb5+ Nc6 5. O-O g6 6. Ba3 Qb6 7. c4 Bg7 8. Bb2 O-O 9. Bxc6 bxc6 10. d3 Rd8 11. Qc2 Bf5 12. Rd1 dxc4 13. Qxc4 Bg4 14. Nc3 Nd5 15. Na4 Qc7 16. Qxg4 Nb4 17. Bxg7 Kxg7 18. Nxc5 Rd5 19. Qxb4 1-0


[Site "https://www.chess.com"]